 Dungeon Crawl Stone Soup version 0.32-a0-576-g706899e69d (webtiles) character file.

Game seed: 8990806711194954874

945 backslashecho the Chopper (level 8, -4/64 HPs)
             Began as a Coglin Berserker on Mar 1, 2024.
             Was a Believer of Trog.
             Succumbed to a water moccasin's poison
             ... on level 5 of the Dungeon.
             The game lasted 00:07:06 (5155 turns).

backslashecho the Chopper (Coglin Berserker)        Turns: 5155, Time: 00:07:06

Health: -4/64      AC:  4    Str: 19    XL:     8   Next: 13%
Magic:  8/8        EV: 12    Int:  6    God:    Trog [**....]
Gold:   157        SH:  0    Dex: 15    Spells: 7/7 levels left

rFire   x . .        l - +0 war axe {Zorawar}
rCold   . . .        c - +2 whip (vamp) {Masataka}
rNeg    + . .        g - +2 robe {rN+}
rPois   .            (helmet restricted)
rElec   .            (no cloak)
rCorr   .            (no gloves)
SInv    .            (no boots)
Will    .....        (amulet unavailable)
Stlth   +            (ring unavailable)
HPRegen 0.30/turn    (ring unavailable)
MPRegen 0.11/turn    (no gizmo)

%: no passive effects
@: lethally poisoned (-4 -> -50), revved
A: off-hand wielding, slow wielding, warmup strikes, no jewellery, horns 1, wild
magic 1, heat vulnerability 1
a: Invent Gizmo, Renounce Religion, Berserk, Trog's Hand


You were on level 5 of the Dungeon.
You worshipped Trog.
Trog was pleased with you.
You visited 1 branch of the dungeon, and saw 5 of its levels.

You collected 157 gold pieces.

Inventory:

Hand Weapons
 c - a +2 vampiric whip (offhand) {Masataka}
 l - a +0 war axe (weapon) {Zorawar}
Missiles
 b - 2 poisoned darts
Armour
 g - a +2 robe of positive energy (worn)
 k - a +0 pair of gloves
 n - a +1 pair of gloves
 s - a +0 pair of gloves
Wands
 o - a wand of polymorph (10)
Scrolls
 a - a scroll of immolation {unknown}
 d - a scroll of noise {unknown}
 e - 8 scrolls of identify {unknown}
 h - a scroll of acquirement {unknown}
 i - a scroll of teleportation {unknown}
 j - a scroll of poison {unknown}
 m - a scroll of vulnerability {unknown}
 u - a scroll of torment {unknown}
 v - a scroll of fog {unknown}
 w - a scroll of fear {unknown}
Potions
 f - a potion of attraction {unknown}
 p - a potion of curing {unknown}
 q - a potion of degeneration {unknown}
 r - 2 potions of mutation
 t - 2 potions of lignification {unknown}


   Skills:
 + Level 5.8 Fighting
 - Level 2.0 Short Blades
 * Level 7.6 Axes
 - Level 2.0 Armour
 - Level 2.0 Dodging


You had 7 spell levels left.
You didn't know any spells.
Your spell library was empty.

Dungeon Overview and Level Annotations

Branches:
Dungeon (5/15)
 Temple: D:4-7

Altars:
Trog

Annotations:
D:2 1 runed translucent door, 1 exclusion, Crazy Yiuf


Innate Abilities, Weirdness & Mutations

You can wield a second weapon in your off-hand.
It takes a long time for you to wield or remove held weapons.
Your first few attacks do less damage.
You cannot equip rings or amulets.
You have a pair of small horns on your head.
Your spells are a little harder to cast, but a little more powerful.
You are vulnerable to heat. (rF-)


Message History

The water moccasin bites you.
You are poisoned.
The water moccasin poisons you! The water moccasin bites you.
You are more poisoned.
The water moccasin poisons you!
You take 3 damage, and have 61/64 hp.
You barely miss the water moccasin with your +2 vampiric whip.
You slash the water moccasin with your +0 war axe!
You feel extremely sick. The water moccasin closely misses you.
You take 8 damage, and have 53/64 hp.
You closely miss the water moccasin with your +0 war axe.
The water moccasin is heavily wounded.
You hit the water moccasin with your +2 vampiric whip.
You feel very sick. The water moccasin bites you.
You are more poisoned.
The water moccasin poisons you! The water moccasin closely misses you.
You take 7 damage, and have 46/64 hp.
You barely miss the water moccasin with your +2 vampiric whip.
The water moccasin is heavily wounded.
You barely miss the water moccasin with your +0 war axe.
You feel extremely sick. The water moccasin bites you.
You are lethally poisoned!
The water moccasin poisons you!
You take 12 damage, and have 34/64 hp.
You closely miss the water moccasin with your +0 war axe.
The water moccasin is heavily wounded.
You hit the water moccasin but do no damage.
You feel extremely sick. The water moccasin bites you.
You are more poisoned.
The water moccasin poisons you!
You take 12 damage, and have 22/64 hp.
You are too injured to fight recklessly!
You closely miss the water moccasin with your +0 war axe.
The water moccasin is heavily wounded.
You miss the water moccasin with your +2 vampiric whip.
* * * LOW HITPOINT WARNING * * *
You feel extremely sick. The water moccasin barely misses you.
The water moccasin bites you.
* * * LOW HITPOINT WARNING * * *
You are more poisoned.
The water moccasin poisons you!
You take 16 damage, and have 6/64 hp.
MASSIVE DAMAGE!!
It was a potion of mutation.
You feel extremely strange.
You feel less in control of your magic.
You feel vulnerable to heat. A pair of horns grows on your head!
You die...

#+## ### ###..## #.#
##.....## ##.##
#.#.......##
#####...###.....<..(.#
........S..+.........+
#..@# #.........#
##.## ##.......##
#...# ##.....## ##.##
##...## #.# ##+## #.#
#.# #.# #.####### #.#
##.##....# #.#
##.........


You could see a water moccasin.

Vanquished Creatures
  Grinder (D:3)
  Sigmund (D:3)
  A scorpion (D:4)
  A bombardier beetle (D:3)
  A gnoll bouda (D:3)
  2 hounds (D:4)
  Terence (D:3)
  Jessica (D:3)
  Natasha (twice) (D:3)
  2 orc wizards
  8 gnolls (D:3)
  6 adders
  A white imp (D:3)
  2 ribbon worms
  4 dart slugs
  6 orcs
  2 endoplasms
  3 giant cockroaches
  10 goblins
  7 hobgoblins
  3 jackals (D:4)
  11 kobolds
  2 quokkas (D:4)
  8 ball pythons
  11 bats
  2 frilled lizards (D:1)
  6 rats
105 creatures vanquished.

Vanquished Creatures (others)
  An arcanist (D:4)
1 creature vanquished.

Grand Total: 106 creatures vanquished

Notes
Turn   | Place    | Note
-------+----------+-------------------------------------------
     0 | D:1      | backslashecho the Coglin Berserker began the quest for the
                  | Orb.
     0 | D:1      | Reached XP level 1. HP: 18/18 MP: 1/1
    88 | D:1      | Reached XP level 2. HP: 24/24 MP: 2/2
   287 | D:1      | Reached skill level 1 in Short Blades
   466 | D:1      | Reached XP level 3. HP: 29/29 MP: 3/3
   887 | D:2      | Reached ** piety under Trog
  1172 | D:2      | Found a runed translucent door.
  1173 | D:2      | Noticed Crazy Yiuf
  1313 | D:2      | Reached XP level 4. HP: 32/35 MP: 4/4
  1934 | D:3      | Noticed Natasha
  1945 | D:3      | Killed Natasha
  1946 | D:3      | Reached skill level 4 in Axes
  1952 | D:3      | Noticed Natasha
  2092 | D:3      | Reached XP level 5. HP: 27/41 MP: 5/5
  2151 | D:3      | Noticed Jessica
  2154 | D:3      | Killed Jessica
  2333 | D:3      | Noticed Sigmund
  2333 | D:3      | Noticed Grinder
  2342 | D:3      | Killed Grinder
  2343 | D:3      | Reached skill level 5 in Axes
  2343 | D:3      | Reached XP level 6. HP: 41/49 MP: 6/6
  2346 | D:3      | Killed Sigmund
  2347 | D:3      | Reached skill level 5 in Fighting
  2347 | D:3      | Reached skill level 6 in Axes
  2347 | D:3      | Reached XP level 7. HP: 46/56 MP: 7/7
  2618 | D:3      | Noticed Terence
  2627 | D:3      | Killed Terence
  2828 | D:3      | Reached skill level 7 in Axes
  3403 | D:3      | Killed Natasha
  3793 | D:4      | Reached XP level 8. HP: 44/63 MP: 8/8
  4554 | D:4      | Found a bloodstained altar of Trog.
  4557 | D:4      | Noticed a wizard
  4563 | D:4      | Killed a wizard
  5010 | D:5      | Entered Level 5 of the Dungeon
  5155 | D:5      | Gained mutation: Your spells are a little harder to cast,
                  | but a little more powerful. [potion of mutation]
  5155 | D:5      | Gained mutation: You are vulnerable to heat. (rF-) [potion
                  | of mutation]
  5155 | D:5      | Gained mutation: You have a pair of small horns on your
                  | head. [potion of mutation]
  5155 | D:5      | Succumbed to a water moccasin's poison

Illustrated notes

Levels and vault maps discovered:
D:1:      dpeg_arrival_long_road, layout_loops_cross
D:2:      layout_loops_corners, grunt_ministairs_2, uniq_crazy_yiuf_cottage
D:3:      layout_basic, uniq_sigmund, uniq_natasha, uniq_jessica, uniq_grinder,
          uniq_terence
D:4:      layout_basic, trog_wizard, serial_curves, eino_curves_01,
          eino_curves_04
D:5:      layout_loops_corners, mainiacjoe_overflow_alcove_1,
          lemuel_crystal_altar, makhleb_blood_cavern_becter, temple_fountains,
          kennysheep_generic_room_6, uniq_edmund

Skill      XL: |  1  2  3  4  5  6  7 |
---------------+----------------------+-----
Armour         | 2 |  2.0
Short Blades   | 1 2 |  2.0
Dodging        | 2 |  2.0
Axes           | 4 5 6 7 |  7.6
Fighting       | 4 5 |  5.8

Action                     |  1- 3 |  4- 6 |  7- 9 || total
---------------------------+-------+-------+-------++-------
  Melee: Hand axe          |    78 |    50 |   116 ||   244
         Dagger            |    70 |    41 |   109 ||   220
         War axe           |       |       |    25 ||    25
         Whip              |       |       |    21 ||    21
 Invoke: Berserk           |       |     3 |     3 ||     6
         Trog's Hand       |       |     2 |     1 ||     3
    Use: Potion            |       |       |     1 ||     1
   Stab: Sleeping          |     4 |     1 |     1 ||     6
 Armour: Animal skin       |    34 |       |       ||    34
         Robe              |    32 |    28 |    98 ||   158
  Dodge: Dodged            |    56 |    26 |    53 ||   135

Table legend: (Time is in decaauts)
 A = Elapsed time spent in this place.
 B = Non-inter-level travel time spent in this place.
 C = Inter-level travel time spent in this place.
 D = Time resting spent in this place.
 E = Time spent auto-exploring this place.
 F = Levels seen in this place.
 G = Mean time per level.
                   A        B        C        D        E       F      G
               +--------+--------+--------+--------+--------+-----+--------+
         Total |   5214 |   4800 |    414 |    584 |   3426 |   5 | 1042.8 |
       Dungeon |   5214 |   4800 |    414 |    584 |   3426 |   5 | 1042.8 |
               +--------+--------+--------+--------+--------+-----+--------+

Top non-repeatable levels by time:
     D:4: 1641 daAuts
     D:3: 1567 daAuts
     D:2: 1082 daAuts
     D:1: 873 daAuts
     D:5: 49 daAuts
